 Dungeon Crawl Stone Soup version 0.29.1-2-gbd0b4ee654 (webtiles) character file.

Game seed: 566060055259121165

7 Wilhelm1986 the Trooper (level 1, -4/20 HPs)
             Began as a Minotaur Abyssal Knight on Nov 26, 2022.
             Was a Believer of Lugonu.
             Killed from afar by a starcursed mass (10 damage)
             ... with an accursed screaming
             ... on level 1 of the Abyss.
             The game lasted 00:05:45 (228 turns).

Wilhelm1986 the Trooper (Minotaur Abyssal Knight)    Turns: 228, Time: 00:05:46

Health: -4/20      AC:  3    Str: 17    XL:     1   Next: 83%
Magic:  1/1        EV: 11    Int:  7    God:    Lugonu [**....]
Gold:   0          SH:  0    Dex: 10    Spells: 0/0 levels left

rFire   . . .      SeeInvis .   a - +1 hand axe
rCold   . . .      Faith    .   (no shield)
rNeg    . . .      Spirit   .   b - +0 leather armour
rPois   .          Reflect  .   (helmet restricted)
rElec   .          Harm     .   (no cloak)
rCorr   .          Rampage  .   (no gloves)
Will    .....                   (no boots)
Stlth   +.........              (no amulet)
HPRegen 0.06/turn               (no ring)
MPRegen 0.07/turn               (no ring)

@: no status effects
A: horns 2, retaliatory headbutt
a: Renounce Religion, Depart the Abyss, Bend Space


You were on level 1 of the Abyss.
You worshipped Lugonu.
Lugonu was pleased with you.
You visited 0 branches of the dungeon, and saw 0 of its levels.
You visited the Abyss 1 time.

Inventory:

Hand Weapons
 a - a +1 hand axe (weapon)
Armour
 b - a +0 leather armour (worn)


   Skills:
 + Level 4.0 Fighting
 + Level 2.5 Axes
 + Level 2.5 Armour
 + Level 1.1 Dodging
 + Level 1.8 Invocations


You couldn't memorise any spells.
You didn't know any spells.
Your spell library was empty.

Dungeon Overview and Level Annotations

Branches:
Dungeon (0/15)

Altars:


Innate Abilities, Weirdness & Mutations

You have a pair of horns on your head.
You reflexively headbutt those who attack you in melee.


Message History

There is a corrupted altar of Lugonu here.
Unknown command.
Press < or > to pray at altars.
You offer a prayer to Lugonu.
Unknown command.
Press < or > to pray at altars.
You offer a prayer to Lugonu.
Unknown command.
Press < or > to pray at altars.
You offer a prayer to Lugonu.
A white imp comes into view.
The white imp shouts!
You start waiting.
A white imp is nearby!
You barely miss the white imp. The white imp hits you.
The white imp freezes you.
You hit the white imp.
The white imp is heavily wounded.
The white imp gestures at you. The puff of frost hits you.
You hit the white imp. You headbutt the white imp.
You kill the white imp!
Your Fighting skill increases to level 4!
You start resting.
You are suddenly pulled into a different region of the Abyss!
You start resting.
A starcursed mass comes into view.
A starcursed mass is nearby!
A starcursed mass is nearby!
A starcursed mass splits.
An orange demon comes into view.
The orange demon screeches!
Found a corrupted altar of Lugonu.
A starcursed mass splits.
The starcursed mass shrieks in your mind.
* * * LOW HITPOINT WARNING * * *
A starcursed mass splits.
A chorus of shrieks assaults your mind.
Ouch! That really hurt!
You die...

.......#.#.#.###
.# . .X.#.###XX#
#..
..#...###X#####..
# #.#.#.
##.......# #..##_
#4###...# X #..
#...# ###
.###.###..##.###
................
.......@........
................
..#.....#.....#.
##...###...##
#.... ....#
...... ......
....... ......
....... ...


You could see 3 starcursed masses and an orange demon.

Vanquished Creatures
  A white imp (Abyss:1)
1 creature vanquished.

Notes
Turn   | Place    | Note
-------+----------+-------------------------------------------
     0 | Abyss:1  | Wilhelm1986 the Minotaur Abyssal Knight began the quest for
                  | the Orb.
     0 | Abyss:1  | Reached XP level 1. HP: 19/19 MP: 1/1
   129 | Abyss:1  | Reached skill level 4 in Fighting
   213 | Abyss:1  | Noticed a starcursed mass
   215 | Abyss:1  | Noticed an orange demon
   218 | Abyss:1  | Found a corrupted altar of Lugonu.
   228 | Abyss:1  | Killed from afar by a starcursed mass

Illustrated notes

Levels and vault maps discovered:
Abyss:1:  base: Temple, base:
Temple

Skill      XL: |  1 |
---------------+----+-----
Fighting       | 4 |  4.0
Axes           | |  2.5
Armour         | |  2.5
Dodging        | |  1.1
Invocations    | |  1.8

Action                   || total
-------------------------++-------
Melee: Hand axe          ||     3
       Headbutt          ||     1
